 Dungeon Crawl Stone Soup version 0.28-a0-533-g9f97627e2a (webtiles) character file.

Game seed: 16603621180405194716

658 fiend the Grappler (level 7, 67/67 HPs)
             Began as a Troll Berserker on Sept 25, 2021.
             Was a Believer of Trog.
             Quit the game on level 5 of the Dungeon.
             The game lasted 00:04:17 (2946 turns).

fiend the Grappler (Troll Berserker)                Turns: 2946, Time: 00:04:18

Health: 67/67      AC:  4    Str: 26    XL:     7   Next: 29%
Magic:  6/6        EV: 10    Int:  3    God:    Trog [**....]
Gold:   205        SH:  0    Dex: 11    Spells: 6/6 levels left

rFire   . . .      SeeInvis .     - Unarmed
rCold   . . .      Faith    .   (no shield)
rNeg    . . .      Spirit   .   a - +0 animal skin
rPois   .          Reflect  .   (helmet restricted)
rElec   .          Harm     .   (no cloak)
rCorr   +          Rampage  .   (gloves unavailable)
Will    .....                   (boots unavailable)
Stlth   +.........              (no amulet)
HPRegen 1.21/turn               C - ring of resist corrosion
MPRegen 0.10/turn               (no ring)

@: no status effects
A: large, unfitting armour, claws 3, regeneration 1, shaggy fur 1, tough skin 1
a: Renounce Religion, Berserk, Trog's Hand


You were on level 5 of the Dungeon.
You worshipped Trog.
Trog was pleased with you.
You visited 1 branch of the dungeon, and saw 5 of its levels.

You collected 205 gold pieces.

Inventory:

Missiles
 b - 5 poisoned darts (quivered)
Armour
 a - a +0 animal skin (worn)
Jewellery
 C - a ring of resist corrosion (left claw)
Wands
 h - a wand of flame (17)
 n - a wand of iceblast (7)
Scrolls
 e - a scroll of summoning {unknown}
 g - a scroll of noise {unknown}
 p - a scroll of enchant armour {unknown}
 r - a scroll of fear {unknown}
 s - a scroll of enchant weapon {unknown}
 t - a scroll of teleportation {unknown}
Potions
 c - 2 potions of degeneration
 d - 3 potions of flight
 f - a potion of brilliance {unknown}
 j - a potion of heal wounds {unknown}
 k - 2 potions of lignification {unknown}
 l - a potion of attraction {unknown}
 m - a potion of mutation {unknown}
 o - 2 potions of haste {unknown}
 q - 4 potions of curing


   Skills:
 + Level 3.5 Fighting
 - Level 2.4 Dodging
 - Level 8.0 Unarmed Combat


You had 6 spell levels left.
You didn't know any spells.
Your spell library was empty.

Dungeon Overview and Level Annotations

Branches:
Dungeon (5/15)             Temple (0/1) D:5

Altars:
Gozag
Hepliaklqana
Okawaru
Sif Muna
Xom


Innate Abilities, Weirdness & Mutations

You are too large for most types of armour.
You have claws for hands.
Your natural rate of healing is unusually fast.
You are covered in fur. (AC +1)
You have tough skin. (AC +1)


Message History

You claw the scorpion!
You kill the scorpion!
Trog accepts your kill.
Training target 8.0 for Unarmed Combat reached!
Your Unarmed Combat skill increases to level 8!
You need to enable at least one skill for training.
You see here 20 arrows.
You see here a scorpion corpse.
Found a stone staircase leading down.
Found a staircase to the Ecumenical Temple.
You see here 15 stones.
A centaur comes into view.
The centaur shouts!
The centaur wields a +0 shortbow.
The centaur shoots an arrow.
The arrow hits you.
You take 3 damage, and have 64/67 hp.
The centaur shoots an arrow.
The arrow closely misses you.
The centaur shoots an arrow.
The arrow hits you but does no damage.
The centaur shoots an arrow.
The arrow hits you!
You take 10 damage, and have 55/67 hp.
You regained 2 hp, and now have 57/67 hp.
The centaur shoots an arrow.
The arrow hits you!
You take 7 damage, and have 50/67 hp.
You claw the centaur!
The centaur unwields a +0 shortbow.
The centaur hits you. The centaur completely misses you.
You take 1 damage, and have 49/67 hp.
You claw the centaur!
You kill the centaur!
Trog accepts your kill.
No target in view!
No target in view!
Things that are here:
a +0 shortbow; 27 arrows; a centaur corpse
Found an escape hatch in the floor.
Health restored: 67
Found a shimmering blue altar of Sif Muna.
Found a stone staircase leading up.
i - a scroll of identify;
t - a scroll labelled MUGIXAICSO
As you read the scroll of identify, it crumbles to dust.
c - 2 potions of degeneration

...
#..................
... ##
#.......###########
... ...####.....##
#.. ...........## ##
..........##
###.....## ####..#
##.## ## ##.@#
...##..## .......##
........# .......)##
# .........## ##
..........# .###
...........##
...###..............#


There were no monsters in sight!

Vanquished Creatures
  A black bear (D:4)
  An ogre (D:5)
  A centaur (D:5)
  A scorpion (D:5)
  2 hounds
  An iguana (D:4)
  Ijyb (D:4)
  Terence (D:2)
  10 adders
  4 gnolls (D:4)
  An adder skeleton (D:4)
  2 worms
  A dart slug (D:4)
  2 orcs
  6 endoplasms
  9 hobgoblins
  4 jackals (D:1)
  3 quokkas
  6 bats
  A frilled lizard (D:2)
  11 goblins
  9 kobolds
  4 rats
82 creatures vanquished.

Notes
Turn   | Place    | Note
-------+----------+-------------------------------------------
     0 | D:1      | fiend the Troll Berserker began the quest for the Orb.
     0 | D:1      | Reached XP level 1. HP: 22/22 MP: 0/0
    52 | D:1      | Found a faded altar of an unknown god.
   227 | D:1      | Reached XP level 2. HP: 29/29 MP: 1/1
   725 | D:2      | Reached XP level 3. HP: 37/37 MP: 2/2
   738 | D:2      | Noticed Terence
   756 | D:2      | Killed Terence
   757 | D:2      | Reached skill level 4 in Unarmed Combat
   773 | D:2      | Reached XP level 4. HP: 18/45 MP: 3/3
  1302 | D:3      | Reached skill level 5 in Unarmed Combat
  1371 | D:3      | Found a hazy altar of Hepliaklqana.
  1415 | D:3      | Found an opulent altar of Gozag.
  1418 | D:3      | You fall into a shaft and drop 2 floors!
  1418 | D:5      | Entered Level 5 of the Dungeon
  1450 | D:4      | Reached ** piety under Trog
  1479 | D:4      | Noticed Ijyb
  1481 | D:4      | Noticed a black bear
  1491 | D:4      | Killed Ijyb
  1492 | D:4      | Reached XP level 5. HP: 35/53 MP: 4/4
  1498 | D:4      | Killed a black bear
  1499 | D:4      | Reached skill level 6 in Unarmed Combat
  1499 | D:4      | Reached XP level 6. HP: 57/61 MP: 5/5
  2125 | D:4      | Found a shimmering altar of Xom.
  2168 | D:4      | Reached skill level 7 in Unarmed Combat
  2185 | D:4      | Found an iron altar of Okawaru.
  2717 | D:5      | Reached XP level 7. HP: 63/67 MP: 6/6
  2755 | D:5      | Reached skill level 8 in Unarmed Combat
  2807 | D:5      | Found a staircase to the Ecumenical Temple.
  2876 | D:5      | Found a shimmering blue altar of Sif Muna.
  2946 | D:5      | Quit the game

Illustrated notes

Levels and vault maps discovered:
D:1:      psy_arrival_spokes, layout_basic,
          hellmonk_ecumenical_altar_pennies_from_heaven
D:2:      layout_loops_ring, uniq_terence
D:3:      layout_rooms, lemuel_round_altar, mainiacjoe_overflow_small_starburst
D:4:      layout_loops_ring, mainiacjoe_overflow_catwalk,
          okawaru_altar_gauntlet_db, uniq_ijyb
D:5:      layout_cave_pods, general_overflow_altar,
          minmay_temple_entry_butterflies

Skill      XL: |  1  2  3  4  5  6  7 |
---------------+----------------------+-----
Fighting       | 3 |  3.5
Unarmed Combat | 4 5 6 7 8 |  8.0
Dodging        | |  2.4

Action                   |  1- 3 |  4- 6 |  7- 9 || total
-------------------------+-------+-------+-------++-------
Melee: Unarmed           |    99 |   149 |     3 ||   251
       Punch             |       |     3 |       ||     3
Invok: Berserk           |     1 |     1 |       ||     2
  Use: Scroll            |       |     2 |     1 ||     3
Armor: Animal skin       |    31 |    36 |     1 ||    68
Dodge: Dodged            |    55 |    59 |     2 ||   116

Table legend: (Time is in decaauts)
 A = Elapsed time spent in this place.
 B = Non-inter-level travel time spent in this place.
 C = Inter-level travel time spent in this place.
 D = Time resting spent in this place.
 E = Time spent auto-exploring this place.
 F = Levels seen in this place.
 G = Mean time per level.
                   A        B        C        D        E       F      G
               +--------+--------+--------+--------+--------+-----+--------+
         Total |   2950 |   2885 |     65 |     57 |   2290 |   5 |  590.0 |
       Dungeon |   2950 |   2885 |     65 |     57 |   2290 |   5 |  590.0 |
               +--------+--------+--------+--------+--------+-----+--------+

Top non-repeatable levels by time:
     D:4: 719 daAuts
     D:1: 658 daAuts
     D:2: 641 daAuts
     D:3: 504 daAuts
     D:5: 426 daAuts
